 Dungeon Crawl Stone Soup version 0.22-a0-354-g30dfbe6 (webtiles) character file.

6564 Amnesiac the Reanimator (level 10, -32/65 HPs)
             Began as a Mummy Necromancer on Apr 16, 2018.
             Was a High Priest of Sif Muna.
             Killed from afar by a fire dragon (58 damage)
             ... with a blast of flame
             ... on level 9 of the Dungeon.
             The game lasted 00:17:55 (8705 turns).

Amnesiac the Reanimator (Mummy Necromancer)         Turns: 8705, Time: 00:17:55

Health: -32/65     AC:  8    Str: 12    XL:     10   Next: 70%
Magic:  4/24       EV: 11    Int: 18    God:    Sif Muna [*****.]
Gold:   341        SH:  8    Dex: 12    Spells: 4/30 levels left

rFire    . . .     SeeInvis +   a - +6 hunting sling (flame)
rCold    + . .     Gourm    .   m - +3 buckler
rNeg     + + +     Faith    .   w - +3 ring mail {rC+}
rPois    ∞         Spirit   .   (no helmet)
rElec    .         Reflect  .   g - scarf {cloud immunity}
rCorr    .         Harm     .   (no gloves)
MR       +....                  (no boots)
Stlth    +.........             n - amulet of the acrobat
HPRegen  0.20/turn              j - ring of fire
MPRegen  0.19/turn              s - ring of see invisible

@: divine energy
A: no food or potions, fire vulnerability, cold resistance 1, negative energy
resistance 3, torment resistance, unbreathing
a: Stop Divine Energy, Channel Magic, Forget Spell, Renounce Religion


You were on level 9 of the Dungeon.
You worshipped Sif Muna.
Sif Muna was extremely pleased with you.
You were not hungry.

You visited 1 branch of the dungeon, and saw 9 of its levels.

You collected 521 gold pieces.
You spent 180 gold pieces at shops.

Inventory:

Hand Weapons
 a - a +6 hunting sling of flaming (weapon)
Missiles
 k - 35 sling bullets (quivered)
 l - 335 stones
Armour
 g - a scarf of cloud immunity (worn)
 m - a +3 buckler (worn)
 w - a +3 ring mail of cold resistance (worn)
Jewellery
 j - a ring of fire (left hand)
 n - an amulet of the acrobat (around neck)
 s - a ring of see invisible (right hand)
 t - an uncursed ring of resist corrosion
 x - an uncursed ring of wizardry
Wands
 c - a wand of digging (31)
 q - a wand of acid (3)
Scrolls
 b - 3 scrolls of remove curse {!r}
 d - a scroll of immolation {!r}
 e - a scroll of fog {!r}
 f - 2 scrolls of fear {!r}
 h - 5 scrolls of enchant armour {!r}
 i - a scroll of blinking {!r}
 o - a scroll of magic mapping {!r}
 p - 5 scrolls of teleportation {!r}
 r - 4 scrolls of amnesia {!r}
 u - a scroll of vulnerability {!r}


   Skills:
 - Level 1.0 Fighting
 - Level 2.7 Dodging
 - Level 1.5 Stealth
 - Level 4.0 Shields
 - Level 10.7 Spellcasting
 - Level 12.7 Necromancy
 + Level 1.3 Invocations


You had 4 spell levels left.
You knew the following spells:

 Your Spells              Type           Power        Failure   Level  Hunger
a - Pain                  Necr           ####         1%          1    N/A
b - Animate Dead          Necr           N/A          1%          4    N/A
c - Apportation           Tloc           #.....       17%         1    N/A
d - Vampiric Draining     Necr           ######....   1%          3    N/A
e - Summon Small Mammal   Summ           #...         17%         1    N/A
f - Agony                 Necr           ######..     2%          5    N/A
g - Dispel Undead         Necr           ######..     2%          5    N/A
h - Bolt of Draining      Conj/Necr      ####......   34%         5    N/A
z - Confusing Touch       Hex            #.....       17%         1    N/A

Dungeon Overview and Level Annotations

Branches:
Dungeon (9/15)             Temple (0/1) D:6
   Lair: D:8-11         Orc: D:9-12

Altars:
Dithmenos
Gozag
Kikubaaqudgha
Okawaru
Sif Muna
Vehumet
Wu Jian
Zin

Shops:
D:6 ?


Innate Abilities, Weirdness & Mutations

You do not eat or drink.
Your flesh is vulnerable to fire.
You are immune to poison.
Your flesh is cold resistant. (rC+)
You are immune to negative energy. (rN+++)
You are immune to unholy pain and torment.
You can survive without breathing.


Message History

Press: ? - help, Shift-Dir - straight line, f/p - fire dragon
Aim: a fire dragon (moderately wounded)
The fire dragon is moderately wounded.
You feel life coursing into your body. The fire dragon breathes flames at you.
The blast of flame hits you!
* * * LOW HITPOINT WARNING * * *
Unknown command.
Casting: Vampiric Draining (safe; 1% risk of failure)
Confirm with . or Enter, or press ? or * to list all spells.
Aiming: Vampiric Draining (safe; 1% risk of failure)
Press: ? - help, Shift-Dir - straight line, f/p - fire dragon
Aim: a fire dragon (moderately wounded, catching its breath)
The fire dragon is heavily wounded.
You feel life coursing into your body.
The fire dragon bites you but does no damage.
You block the fire dragon's attack. x2
Unknown command.
Casting: Vampiric Draining (safe; 1% risk of failure)
Confirm with . or Enter, or press ? or * to list all spells.
Aiming: Vampiric Draining (safe; 1% risk of failure)
Press: ? - help, Shift-Dir - straight line, f/p - fire dragon
Aim: a fire dragon (heavily wounded)
The fire dragon is heavily wounded.
You feel life coursing into your body. The fire dragon bites you!
* * * LOW HITPOINT WARNING * * *
The fire dragon claws you but does no damage.
The fire dragon tramples you.
* * * LOW HITPOINT WARNING * * *
You stumble backwards!
Unknown command.
Casting: Vampiric Draining (safe; 1% risk of failure)
Confirm with . or Enter, or press ? or * to list all spells.
Aiming: Vampiric Draining (safe; 1% risk of failure)
Press: ? - help, Shift-Dir - straight line, f/p - fire dragon
Aim: a fire dragon (heavily wounded)
The fire dragon is severely wounded.
You feel life coursing into your body. The fire dragon bites you.
* * * LOW HITPOINT WARNING * * *
The fire dragon misses you. The fire dragon tramples you.
* * * LOW HITPOINT WARNING * * *
You stumble backwards!
Unknown command.
Casting: Vampiric Draining (safe; 1% risk of failure)
Confirm with . or Enter, or press ? or * to list all spells.
Aiming: Vampiric Draining (safe; 1% risk of failure)
Press: ? - help, Shift-Dir - straight line, f/p - fire dragon
Aim: a fire dragon (severely wounded)
The fire dragon is severely wounded.
You feel life coursing into your body. The fire dragon completely misses you.
You block the fire dragon's attack.
The fire dragon tramples you but does no damage.
Unknown command.
Casting: Vampiric Draining (safe; 1% risk of failure)
Confirm with . or Enter, or press ? or * to list all spells.
Aiming: Vampiric Draining (safe; 1% risk of failure)
Press: ? - help, Shift-Dir - straight line, f/p - fire dragon
Aim: a fire dragon (severely wounded)
The fire dragon is almost dead.
You feel life coursing into your body. The fire dragon breathes flames at you.
The blast of flame hits you!
Ouch! That really hurt!
You die...

#≈≈≈≈≈...#
#≈≈≈≈≈...#
#≈≈≈≈≈≈.≈#
#≈..≈≈≈≈≈#
#.....≈≈≈#
#......≈≈#
#........#
.....#
##....D..#
#....#
#....@.##
##.[..#
#......#
#.....#
##....##
......#
##..##
......#
#..#
......#
#.##
......#
#.#
.....##
##.#
....##
#..#


You could see a fire dragon.

Vanquished Creatures
  3 two-headed ogres
  Joseph (D:7)
  A troll (D:8)
  A slime creature (D:8)
  2 hippogriffs (D:7)
  4 yaks (D:9)
  2 orc warriors
  2 sky beasts
  4 ogres
  A phantom (D:4)
  2 centaurs
  A big kobold (D:8)
  A gnoll sergeant (D:8)
  3 bullfrogs (D:8)
  2 scorpions (D:5)
  5 wights (D:8)
  5 crimson imps
  A quasit (D:9)
  A centaur zombie (D:9)
  6 jellies
  A gnoll shaman (D:8)
  A bullfrog skeleton (D:7)
  An orc priest (D:7)
  A hound (D:8)
  8 orc wizards
  4 worker ants
  4 iguanas
  A hound skeleton (D:7)
  A hound zombie (D:5)
  A worker ant zombie (D:7)
  4 adders
  23 gnolls
  4 shadow imps
  16 oozes (D:8)
  An adder zombie (D:7)
  2 adder skeletons
  A worm (D:2)
  A dart slug (D:2)
  5 leopard geckos
  17 orcs
  5 giant cockroaches
  7 goblins
  10 hobgoblins
  21 jackals
  5 quokkas
  5 bats
  4 frilled lizards
  A jackal zombie (D:8)
  15 kobolds
  7 rats
225 creatures vanquished.

Vanquished Creatures (others)
  4 fungi (D:8)
4 creatures vanquished.

Grand Total: 229 creatures vanquished

Notes
Turn   | Place    | Note
-------+----------+-------------------------------------------
     0 | D:1      | Amnesiac the Mummy Necromancer began the quest for the Orb.
     0 | D:1      | Reached XP level 1. HP: 13/13 MP: 4/4
   368 | D:1      | Reached XP level 2. HP: 20/20 MP: 0/5
  1013 | D:1      | Reached XP level 3. HP: 25/25 MP: 3/7
  1214 | D:2      | Found a deep blue altar of Sif Muna.
  1233 | D:2      | Became a worshipper of Sif Muna the Loreminder
  1241 | D:2      | Reached skill level 1 in Fighting
  1301 | D:2      | Learned a level 3 spell: Vampiric Draining
  1406 | D:2      | Found a shadowy altar of Dithmenos.
  2062 | D:2      | Reached XP level 4. HP: 27/32 MP: 1/9
  2361 | D:2      | Reached skill level 5 in Necromancy
  2763 | D:3      | Reached XP level 5. HP: 37/37 MP: 10/10
  3059 | D:3      | Found an ancient bone altar of Kikubaaqudgha.
  3381 | D:4      | Learned a level 4 spell: Animate Dead
  3494 | D:4      | Noticed an ogre
  3503 | D:4      | Killed an ogre
  3503 | D:4      | Reached * piety under Sif Muna
  3503 | D:4      | Reached XP level 6. HP: 43/43 MP: 12/12
  3610 | D:4      | Reached skill level 6 in Necromancy
  4078 | D:5      | Entered Level 5 of the Dungeon
  4178 | D:5      | Reached skill level 5 in Spellcasting
  4281 | D:5      | Reached ** piety under Sif Muna
  4281 | D:5      | Reached XP level 7. HP: 45/48 MP: 6/14
  4353 | D:5      | Reached skill level 7 in Necromancy
  5456 | D:6      | Reached skill level 8 in Necromancy
  5526 | D:6      | Found a staircase to the Ecumenical Temple.
  5559 | D:6      | Reached XP level 8. HP: 23/54 MP: 7/17
  5577 | D:6      | Found an opulent altar of Gozag.
  5603 | D:6      | Found a radiant altar of Vehumet.
  5604 | D:6      | Found an iron altar of Okawaru.
  5674 | D:6      | Found a glowing silver altar of Zin.
  5685 | D:6      | Identified the Incunabulum of Dislocated Weightlessness
  5837 | D:6      | Found Xaheulu's Magic Scroll Shop.
  5847 | D:6      | Bought a scroll of blinking for 90 gold pieces
  5847 | D:6      | Bought a scroll of vulnerability for 90 gold pieces
  6082 | D:7      | Reached skill level 1 in Shields
  6232 | D:7      | Noticed a two-headed ogre
  6238 | D:7      | Killed a two-headed ogre
  6238 | D:7      | Reached *** piety under Sif Muna
  6238 | D:7      | Reached skill level 9 in Necromancy
  6238 | D:7      | Reached XP level 9. HP: 36/59 MP: 0/20
  6407 | D:7      | Reached skill level 10 in Necromancy
  6587 | D:7      | Learned a level 1 spell: Confusing Touch
  6612 | D:7      | Found a flagged portal.
  6692 | D:7      | Noticed Joseph
  6721 | D:7      | Killed Joseph
  7110 | D:7      | Learned a level 1 spell: Apportation
  7112 | D:7      | Learned a level 1 spell: Summon Small Mammal
  7150 | D:8      | Noticed a two-headed ogre
  7163 | D:8      | Killed a two-headed ogre
  7163 | D:8      | Reached **** piety under Sif Muna
  7163 | D:8      | Reached skill level 11 in Necromancy
  7203 | D:8      | Reached XP level 10. HP: 55/65 MP: 1/23
  7604 | D:8      | Reached ***** piety under Sif Muna
  7649 | D:8      | Reached skill level 10 in Spellcasting
  7660 | D:8      | Reached skill level 12 in Necromancy
  8193 | D:9      | Noticed a two-headed ogre
  8203 | D:9      | Killed a two-headed ogre
  8203 | D:9      | Identified Sif Muna's Incunabulum of Black Rites (Sif Muna gifted it to you on level 9 of the Dungeon)
  8203 | D:9      | Received a gift from Sif Muna
  8211 | D:9      | Learned a level 5 spell: Agony
  8217 | D:9      | Learned a level 5 spell: Dispel Undead
  8223 | D:9      | Learned a level 5 spell: Bolt of Draining
  8314 | D:9      | Found an ornate altar of the Wu Jian Council.
  8525 | D:9      | Reached skill level 1 in Invocations
  8693 | D:9      | Noticed a fire dragon
  8705 | D:9      | Killed from afar by a fire dragon

Vault maps used:
D:1:      saegor_arrival_miasma
D:2:      old_standard_altar, marbit_many_paths
D:3:      lemuel_round_altar, first_ration
D:5:      minmay_misc_feat_enclosed
D:6:      lemuel_doored_altar, zin_academy, minitemple,
          minmay_temple_entry_statues_pillars, serial_shops, shop
D:7:      enter_bailey_2, uniq_joseph
D:8:      lemuel_slime
D:9:      dragon1_lemuel, kennysheep_little_box, uniq_gastronok

Skill      XL: |  1  2  3  4  5  6  7  8  9 10 |
---------------+-------------------------------+-----
Dodging        | 2 |  2.7
Spellcasting   | 3 4 5 6 7 9 10 | 10.7
Fighting       | 1 |  1.0
Necromancy     | 5 6 8 9 11 12 | 12.7
Shields        | 2 4 |  4.0
Invocations    | 1 |  1.3
Stealth        | |  1.5

Action                   |  1- 3 |  4- 6 |  7- 9 | 10-12 || total
-------------------------+-------+-------+-------+-------++-------
Melee: Unarmed           |    21 |       |       |       ||    21
       Rapier            |       |    43 |    11 |       ||    54
 Fire: Hunting sling     |    24 |   167 |   245 |   209 ||   645
 Cast: Pain              |    69 |     2 |     1 |       ||    72
       Vampiric Draining |     4 |    18 |    64 |    26 ||   112
Invok: Divine Energy     |       |     1 |       |       ||     1
Evoke: Wand              |       |       |     6 |       ||     6
  Use: Scroll            |       |     7 |     4 |     1 ||    12
 Stab: Sleeping          |       |     4 |       |       ||     4
Armor: Robe              |     5 |    17 |    15 |       ||    37
       Ring mail         |       |       |     7 |    38 ||    45
Dodge: Dodged            |    40 |   105 |    88 |    80 ||   313
Block: Buckler           |       |       |    43 |    69 ||   112

Table legend:
 A = Spawn XP
 B = Non-spawn XP
 C = Spawn XP percentage of total XP
 D = Spawn monster count
 E = Non-spawn monster count
 F = Spawn count percentage of total count
 G = Total turns spent on level
                    A         B        C        D         E        F      G
               +---------+---------+-------+---------+---------+-------+---------
         Total |       0 |    9378 |   0.0 |       0 |     225 |   0.0 |  8705
               +---------+---------+-------+---------+---------+-------+---------
           D:1 |       0 |      44 |   0.0 |       0 |      26 |   0.0 |  1523
           D:2 |       0 |     112 |   0.0 |       0 |      26 |   0.0 |   869
           D:3 |       0 |     136 |   0.0 |       0 |      26 |   0.0 |   732
           D:4 |       0 |     340 |   0.0 |       0 |      11 |   0.0 |  1217
           D:5 |       0 |     580 |   0.0 |       0 |      19 |   0.0 |  1109
           D:6 |       0 |     330 |   0.0 |       0 |      10 |   0.0 |   622
           D:7 |       0 |    2749 |   0.0 |       0 |      28 |   0.0 |  1055
           D:8 |       0 |    3098 |   0.0 |       0 |      63 |   0.0 |   900
           D:9 |       0 |    1989 |   0.0 |       0 |      16 |   0.0 |   678
               +---------+---------+-------+---------+---------+-------+---------
